 Dungeon Crawl Stone Soup version 0.22-a0-422-g9628fc8 (webtiles) character file.

86 Veiltonx the Chucker (level 4, 0/48 HPs)
             Began as an Ogre Hunter on May 17, 2018.
             Slain by a goblin
             ... wielding a +0 dagger
             ... led by Robin
              (1 damage)
             ... on level 3 of the Dungeon.
             The game lasted 00:06:16 (3409 turns).

Veiltonx the Chucker (Ogre Hunter)                  Turns: 3409, Time: 00:06:17

Health: 0/48       AC:  4    Str: 17    XL:     4   Next: 50%
Magic:  4/4        EV: 10    Int: 12    God:
Gold:   65         SH:  0    Dex:  9    Spells: 3/3 levels left

rFire    . . .     SeeInvis .   e - +0 whip
rCold    . . .     Gourm    .   (no shield)
rNeg     . . .     Faith    .   b - +0 robe
rPois    .         Spirit   .   (helmet restricted)
rElec    .         Reflect  .   m - +0 cloak
rCorr    .         Harm     .   (gloves unavailable)
MR       .....                  (boots unavailable)
Stlth    +.........             (no amulet)
HPRegen  0.16/turn              (no ring)
MPRegen  0.09/turn              (no ring)

@: no status effects
A: large, unfitting armour, tough skin 1
a: no special abilities


You were on level 3 of the Dungeon.
You were not hungry.

You visited 1 branch of the dungeon, and saw 3 of its levels.

You collected 65 gold pieces.

Inventory:

Hand Weapons
 e - a +0 whip (weapon)
Missiles
 c - 5 large rocks (quivered)
 d - 2 throwing nets
 s - 5 javelins
Armour
 b - a +0 robe (worn)
 m - a +0 cloak (worn)
Scrolls
 a - a scroll of identify {unknown}
 o - 2 scrolls of teleportation {unknown}
 p - a scroll of enchant armour {unknown}
 q - a scroll of enchant weapon {unknown}
 r - a scroll of random uselessness {unknown}
Potions
 g - a potion of berserk rage {unknown}
 h - a potion of curing {unknown}
 i - a potion of haste {unknown}
 j - a potion of ambrosia {unknown}
 k - 2 potions of cancellation {unknown}
 l - 3 potions of heal wounds {unknown}
 n - a potion of brilliance {unknown}
 t - a potion of agility {unknown}
Comestibles
 f - 8 rations


   Skills:
 - Level 4.0 Fighting
 * Level 2.4 Maces & Flails
 - Level 4.0 Throwing
 - Level 2.1 Dodging
 - Level 1.1 Stealth


You had 3 spell levels left.
You didn't know any spells.
Your spell library was empty.

Dungeon Overview and Level Annotations

Branches:
Dungeon (3/15)

Altars:

Annotations:
D:3 Robin


Innate Abilities, Weirdness & Mutations

You are too large for most types of armour.
You have tough skin. (AC +1)


Message History

You are too injured to fight recklessly!
You are too injured to fight recklessly!
You hit the leopard gecko.
The leopard gecko is moderately wounded.
The goblin hits you with a dagger! The goblin hits you with a dagger.
The goblin barely misses you. x2; The hobgoblin hits you with a club!
* * * LOW HITPOINT WARNING * * *
The leopard gecko bites you.
* * * LOW HITPOINT WARNING * * *
You closely miss the leopard gecko.
The leopard gecko is moderately wounded.
The goblin misses you.
The goblin hits you but does no damage. x2
The leopard gecko closely misses you. The goblin hits you but does no damage.
The hobgoblin misses you.
You closely miss the leopard gecko.
The leopard gecko is moderately wounded.
The leopard gecko bites you.
* * * LOW HITPOINT WARNING * * *
The goblin hits you but does no damage. The goblin hits you with a dagger.
You die...

#...)†...# #....#
#........#.....#....#
#........#.....#....#
#........#..?.!#....#
#........#.....######
#......#.#g....#
#......#.#gg...#
########.#ggg..#
######.#@gg..#
#.$....lgg...#
#............#
#.....?...####
###...>...# #.......#
#?......# #.......#
#.......#


You could see Robin, a leopard gecko, 3 hobgoblins and 6 goblins.

Vanquished Creatures
  3 adders (D:2)
  2 worms (D:3)
  A dart slug (D:2)
  A leopard gecko (D:1)
  A ball python (D:1)
  6 bats
  2 giant cockroaches
  5 goblins
  8 hobgoblins
  4 jackals
  3 quokkas (D:2)
  3 frilled lizards
  4 kobolds
  4 rats
47 creatures vanquished.

Notes
Turn   | Place    | Note
-------+----------+-------------------------------------------
     0 | D:1      | Veiltonx the Ogre Hunter began the quest for the Orb.
     0 | D:1      | Reached XP level 1. HP: 22/22 MP: 1/1
    83 | D:1      | Reached skill level 1 in Stealth
    95 | D:1      | Reached XP level 2. HP: 14/31 MP: 2/2
  1075 | D:2      | Reached skill level 1 in Maces & Flails
  1104 | D:2      | Reached XP level 3. HP: 28/37 MP: 3/3
  1241 | D:2      | HP: 1/37 [poisoned by an adder]
  2114 | D:2      | Reached XP level 4. HP: 26/48 MP: 4/4
  3399 | D:3      | Noticed Robin
  3409 | D:3      | HP: 1/48 [leopard gecko (4)]
  3409 | D:3      | Slain by a goblin

Vault maps used:
D:1:      lightli_arrival_quake, palyth_stone_intersect, grunt_decor_cap,
          minmay_misc_feat_more_columns, st_stairs_8
D:2:      st_stairs_10
D:3:      grunt_temple_overflow_champion_of_chaos, uniq_robin, uniq_terence

Skill      XL: |  1  2  3  4 |
---------------+-------------+-----
Fighting       | 3 4 |  4.0
Dodging        | 2 |  2.1
Stealth        | 1 |  1.1
Maces & Flails | 1 2 |  2.4
Throwing       | |  4.0

Action                   |  1- 3 |  4- 6 || total
-------------------------+-------+-------++-------
Melee: Whip              |   176 |   119 ||   295
       Short sword       |     1 |       ||     1
 Stab: Sleeping          |     1 |       ||     1
  Eat: Chunk             |     4 |     4 ||     8
Armor: Robe              |    60 |    46 ||   106
Dodge: Dodged            |   106 |    70 ||   176

Table legend:
 A = Spawn XP
 B = Non-spawn XP
 C = Spawn XP percentage of total XP
 D = Spawn monster count
 E = Non-spawn monster count
 F = Spawn count percentage of total count
 G = Total turns spent on level
                    A         B        C        D         E        F      G
               +---------+---------+-------+---------+---------+-------+---------
         Total |       0 |     124 |   0.0 |       0 |      47 |   0.0 |  3409
               +---------+---------+-------+---------+---------+-------+---------
           D:1 |       0 |      28 |   0.0 |       0 |      15 |   0.0 |   976
           D:2 |       0 |      68 |   0.0 |       0 |      18 |   0.0 |  1820
           D:3 |       0 |      28 |   0.0 |       0 |      14 |   0.0 |   613
               +---------+---------+-------+---------+---------+-------+---------
